 Dungeon Crawl Stone Soup version 0.23.2-40-g277498a001 (webtiles) character file.

Game seed: 5504533483857275963

51 Descartes the Insei (level 3, 0/18 HPs)
             Began as a Vine Stalker Transmuter on Oct 1, 2019.
             Succumbed to an adder's poison
             ... on level 1 of the Dungeon.
             The game lasted 00:02:19 (1661 turns).

Descartes the Insei (Vine Stalker Transmuter)       Turns: 1661, Time: 00:02:20

Health: 0/18       AC:  2    Str: 12    XL:     3   Next: 83%
Magic:  7/8        EV: 12    Int: 14    God:
Gold:   8          SH:  0    Dex: 14    Spells: 6/7 levels left

rFire    . . .     SeeInvis .     - Unarmed
rCold    . . .     Gourm    .   (no shield)
rNeg     . . .     Faith    .   b - +0 robe
rPois    .         Spirit   +   (no helmet)
rElec    .         Reflect  .   (no cloak)
rCorr    .         Harm     .   (no gloves)
MR       .....                  (no boots)
Stlth    +++.......             (no amulet)
HPRegen  0.06/turn              i - ring of stealth
MPRegen  0.11/turn              (no ring)

@: lethally poisoned (0 -> -8)
A: fangs 2, magic shield, antimagic bite, no potion heal 3, rot immunity
a: no special abilities


You were on level 1 of the Dungeon.
You were not hungry.

You visited 1 branch of the dungeon, and saw 2 of its levels.

You collected 8 gold pieces.

Inventory:

Missiles
 a - 12 arrows
 g - 52 stones (quivered)
Armour
 b - a +0 robe (worn)
 j - a +0 helmet
Jewellery
 i - a ring of stealth (left hand)
Scrolls
 c - a scroll of blinking {unknown}
 e - a scroll of enchant armour {unknown}
Potions
 h - a potion of resistance {unknown}
Comestibles
 d - 2 rations
 f - 2 chunks of flesh


   Skills:
 + Level 1.2 Fighting
 + Level 1.8 Dodging
 + Level 1.1 Stealth
 * Level 3.3 Unarmed Combat
 * Level 2.8 Spellcasting
 * Level 2.6 Transmutations


You had 6 spell levels left.
You knew the following spells:

 Your Spells              Type           Power        Failure   Level  Hunger
a - Beastly Appendage     Tmut           #.....       8%          1    #......

Your spell library contained the following spells:

 Spells                   Type           Power        Failure   Level  Hunger
 Sticks to Snakes         Tmut           #.......     12%         2    ###....
 Spider Form              Tmut/Pois      #.........   36%         3    ###....
 Ice Form                 Ice/Tmut       #.......     77%         4    #####..
 Blade Hands              Tmut           #.........   91%         5    ######.


Dungeon Overview and Level Annotations

Branches:
Dungeon (2/15)

Altars:


Innate Abilities, Weirdness & Mutations

You have extremely sharp teeth.
When hurt, damage is shared between your health and your magic reserves.
Your bite disrupts and absorbs the magic of your enemies.
Potions cannot restore your health.
You are immune to rotting.


Message History

You feel invigorated.
The adder is almost dead.
The adder bites you but does no damage. The adder closely misses you.
You completely miss the adder.
The adder is almost dead.
* * * LOW HITPOINT WARNING * * *
You feel sick. The adder bites you.
* * * LOW HITPOINT WARNING * * *
You are more poisoned.
The adder poisons you!
You hit the adder.
The adder is almost dead.
The adder barely misses you.
You barely miss the adder. You bite the adder.
You kill the adder!
* * * LOW HITPOINT WARNING * * *
You feel sick.
You hit the ooze. Your bite misses the ooze.
The ooze is moderately wounded.
You die...

.#...............# #.......
.........####.#### #.....##
.#.#####.# #.# #....### ....#
#.# #.############.#.## #
.#..####>####................# #
.#.........##..###########.###
...............# #.#
.##..###.#.##.############.#
...............J@..........#
##......##########...#######
#### ####.####
#......>#######... ...#.#
#............##.## ##.#.#
#.......####.##.# ##...#
#.#....## #.##.# #...##
#.#..).#####.##.#
.....###########............##.#
..............#######.########.#


You could see an ooze.

Vanquished Creatures
  2 adders (D:1)
  2 dart slugs (D:1)
  A leopard gecko (D:1)
  3 bats (D:1)
  2 giant cockroaches (D:1)
  6 goblins (D:1)
  3 hobgoblins (D:1)
  2 jackals
  2 frilled lizards (D:1)
  4 rats (D:1)
27 creatures vanquished.

Notes
Turn   | Place    | Note
-------+----------+-------------------------------------------
     0 | D:1      | Descartes the Vine Stalker Transmuter began the quest for
                  | the Orb.
     0 | D:1      | Reached XP level 1. HP: 9/9 MP: 4/4
   241 | D:1      | Reached skill level 1 in Fighting
   320 | D:1      | Reached XP level 2. HP: 7/14 MP: 3/6
  1186 | D:1      | Reached skill level 1 in Stealth
  1186 | D:1      | Reached XP level 3. HP: 18/18 MP: 7/7
  1661 | D:1      | Succumbed to an adder's poison

Skill      XL: |  1  2 |
---------------+-------+-----
Fighting       | 1 |  1.2
Stealth        | 1 |  1.1
Dodging        | |  1.8
Unarmed Combat | |  3.3
Spellcasting   | |  2.8
Transmutations | |  2.6

Action                   || total
-------------------------++-------
Melee: Unarmed           ||    87
       Bite              ||    11
       Punch             ||     2
 Stab: Sleeping          ||     5
  Eat: Chunk             ||     2
Armor: Robe              ||    14
Dodge: Dodged            ||    44
